 Dungeon Crawl Stone Soup version 0.21-a0-265-gb353147 (webtiles) character file.

38742 snldv the Fighter (level 14, -20/119 HPs)
             Began as a Human Wanderer on Sept 12, 2017.
             Was the Champion of Makhleb.
             Killed from afar by a frost giant (49 damage)
             ... with a bolt of cold
             ... in an ice cave.
             The game lasted 01:03:34 (20437 turns).

snldv the Fighter (Human Wanderer)                 Turns: 20437, Time: 01:03:34

Health: -20/119    AC: 23    Str: 16    XL:     14   Next: 35%
Magic:  22/22      EV:  8    Int: 11    God:    Makhleb [******]
Gold:   733        SH:  0    Dex: 16    Spells: 17/17 levels left

rFire    . . .     SeeInvis .   a - +4 spear (freeze)
rCold    . . .     Gourm    .   (no shield)
rNeg     . . .     Faith    +   x - +4 chain mail
rPois    +         Spirit   .   u - +2 helmet
rElec    .         Reflect  .   L - +2 cloak {rPois}
rCorr    .         Harm     .   w - +2 pair of gloves
MR       +....                  (no boots)
Stlth    ..........             e - amulet of faith
HPRegen  0.29/turn              t - ring of poison resistance
MPRegen  0.18/turn              E - ring of stealth

@: no status effects
A: no striking features
a: Minor Destruction, Lesser Servant of Makhleb, Major Destruction, Greater
Servant of Makhleb, Renounce Religion


You were in an ice cave.
You worshipped Makhleb.
Makhleb was exalted by your worship.
You were near starving.

You visited 2 branches of the dungeon, and saw 16 of its levels.
You also visited: Ice Cave.

You collected 1058 gold pieces.
You spent 325 gold pieces at shops.

Inventory:

Hand Weapons
 a - a +4 spear of freezing (weapon)
 b - a +5 hunting sling of flaming
 g - a +0 vampiric double sword
 m - a +5 trident
Missiles
 p - 187 stones (quivered)
 I - 2 throwing nets
Armour
 h - a +0 troll leather armour
 u - a +2 helmet (worn)
 w - a +2 pair of gloves (worn)
 x - a +4 chain mail (worn)
 L - a +2 cloak of poison resistance (worn)
Magical Staves
 H - an uncursed staff of death {unknown}
Jewellery
 e - an amulet of faith (around neck)
 t - a ring of poison resistance (left hand)
 E - a ring of stealth (right hand)
Wands
 q - a wand of paralysis (15/24)
 v - a wand of confusion (16/48)
 K - a wand of flame (11/48)
 S - a wand of disintegration (14/24)
 W - a wand of paralysis (16/24)
 X - a wand of confusion (17/48)
 Y - a wand of paralysis (8/24)
Scrolls
 c - 5 scrolls of teleportation
 d - 2 scrolls of enchant armour
 i - 2 scrolls of fog
 j - a scroll of fear
 n - 3 scrolls of recharging
 y - 4 scrolls of magic mapping
 F - 6 scrolls of remove curse
 T - a scroll of enchant weapon
 U - a scroll of amnesia
Potions
 k - 2 potions of mutation
 l - 4 potions of cancellation
 s - a potion of curing
 C - 3 potions of magic
 P - 2 potions of ambrosia
 V - 2 potions of flight
Books
 z - a book of Changes

   Spells                             Type                      Level
   a - Beastly Appendage              Transmutation                1
   b - Sticks to Snakes               Transmutation                2
   c - Spider Form                    Transmutation/Poison         3
   d - Ice Form                       Ice/Transmutation            4
   e - Blade Hands                    Transmutation                5
 J - a book of Maledictions

   Spells                             Type                      Level
   a - Corona                         Hexes                        1
   b - Ensorcelled Hibernation        Hexes/Ice                    2
   c - Confuse                        Hexes                        3
   d - Tukima's Dance                 Hexes                        3
   e - Dazzling Spray                 Conjuration/Hexes            3
 M - a book of Frost

   Spells                             Type                      Level
   a - Freeze                         Ice                          1
   b - Throw Frost                    Conjuration/Ice              2
   c - Ozocubu's Armour               Charms/Ice                   3
   d - Throw Icicle                   Conjuration/Ice              4
   e - Summon Ice Beast               Ice/Summoning                4
Comestibles
 f - 8 bread rations
 o - 11 meat rations
 D - 9 fruits
 O - 3 royal jellies


   Skills:
 + Level 13.7 Fighting
 + Level 13.6 Polearms
 - Level 6.0 Slings
 - Level 1.0(3.8) Throwing
 - Level 4.6 Armour
 - Level 3.1 Dodging
 - Level 2.0 Spellcasting
   Level 1.0 Poison Magic
 + Level 11.9 Invocations
 - Level 1.0 Evocations


You had 17 spell levels left.
You didn't know any spells.

Dungeon Overview and Level Annotations

Branches:
Dungeon (10/15)            Temple (0/1) D:6            Lair (6/6) D:10
 Shoals (0/4) Lair:3        Snake (0/4) Lair:2        Slime (0/5) Lair:5
    Orc (0/2) D:10

Altars:
Elyvilon
Fedhas
Gozag
Hepliaklqana
Kikubaaqudgha
Makhleb
Okawaru
Trog
Xom
Zin

Shops:
D:6 (=[*


Message History

You hit the frost giant but do no damage.
Something gores your smoke demon! The frost giant casts a spell at you.
The bolt of cold hits you!
Your chain mail prevents you from hitting the frost giant.
You hit the frost giant.
The frost giant is lightly wounded.
The frost giant gestures at you while chanting.
The bolt of cold hits you!
You feel better.
The frost giant gestures at you while chanting.
The bolt of cold hits you!
* * * LOW HITPOINT WARNING * * *
You are near starving!
Your smoke demon hits the frost giant.
Your smoke demon hits the frost giant but does no damage. x2
Something gores your smoke demon!
The frost giant gestures at you while chanting.
The bolt of cold hits you!
You die...

#.##
#..###...#
#..# #..#
##..## ##.#
##.# #...#
##.# ##..#
#...# #.##
#..## ##..##
#.## #..#
#####..# #..##
##.####..###.#
##..###..#
#.⌠###..#
#...#..##
#..@##.##
##.....#
#.C#...#
#....##
##3#..##
##..##
##Y##### #..#
#.##.## ####.#
##.#..#
##.#.##
##.#....Y.#
#.#.##
#.#.C..#.|
##.## ####...#


You could see a frost giant, a yak and a friendly smoke demon.

Vanquished Creatures
  Kirke (Lair:4)
  Nessos (Lair:5)
  Harold (Lair:2)
  4 hydras
  2 two-headed ogres
  3 death yaks (IceCv)
  Urug (Lair:2)
  A deep elf mage (D:7)
  An ugly thing (D:10)
  6 elephants (Lair:5)
  An ice statue (IceCv)
  2 black mambas
  3 komodo dragons
  2 spiny frogs (Lair:1)
  11 polar bears (IceCv)
  3 trolls (D:10)
  A hornet (D:10)
  9 dream sheep
  8 blink frogs
  5 hippogriffs
  3 wyverns
  A hog (Lair:4)
  41 yaks
  A hungry ghost (D:9)
  A basilisk (Lair:4)
  Menkaure (D:6)
  2 nagas (Lair:2)
  Edmund (D:6)
  11 water moccasins
  14 porcupines
  An eye of draining (D:10)
  5 orc warriors
  A sky beast (D:7)
  2 black bears
  3 ogres
  A phantom (D:7)
  17 wolves (IceCv)
  An ice beast (D:10)
  4 centaurs
  4 crocodiles
  3 big kobolds
  5 gnoll sergeants (D:10)
  14 bullfrogs
  A water moccasin zombie (D:5)
  A scorpion (D:7)
  8 killer bees
  9 wights (D:10)
  4 howler monkeys
  2 jellies
  A crimson imp (D:7)
  A bullfrog zombie (D:10)
  A quasit (D:10)
  7 hounds
  A centaur skeleton (D:6)
  3 orc priests
  8 orc wizards
  4 iguanas
  Jessica (D:3)
  Terence (D:3)
  7 worker ants
  7 hell rats
  2 hound skeletons
  A worker ant zombie (D:5)
  Robin (D:1)
  4 gnolls (D:10)
  8 adders
  2 oozes
  2 adder zombies
  2 adder skeletons
  4 worms
  4 leopard geckos
  40 orcs
  2 ball pythons
  3 giant cockroaches
  18 goblins
  9 hobgoblins
  22 jackals
  10 quokkas
  11 bats
  7 frilled lizards
  12 kobolds
  A leopard gecko skeleton (D:5)
  A quokka zombie (D:8)
  6 rats
  A plant (Lair:3)
443 creatures vanquished.

Vanquished Creatures (others)
  A human (Lair:6)
  15 fungi
  6 plants (Lair:5)
22 creatures vanquished.

Grand Total: 465 creatures vanquished

Notes
Turn   | Place    | Note
-------+----------+-------------------------------------------
     0 | D:1      | snldv the Human Wanderer began the quest for the Orb.
     0 | D:1      | snldv set off with: a +2 spear, a potion of lignification, a scroll of teleportation, a +0 robe, a bread ration
     0 | D:1      | Reached XP level 1. HP: 16/16 MP: 3/3
   107 | D:1      | Reached XP level 2. HP: 22/22 MP: 5/5
   586 | D:2      | Reached skill level 1 in Dodging
   613 | D:2      | Reached XP level 3. HP: 28/28 MP: 6/6
   960 | D:2      | Reached XP level 4. HP: 32/34 MP: 7/7
  1331 | D:2      | Noticed Robin
  1660 | D:1      | Killed Robin
  2025 | D:2      | Reached XP level 5. HP: 41/41 MP: 8/8
  2314 | D:3      | Noticed Terence
  2349 | D:3      | Noticed an ogre
  2785 | D:3      | Killed an ogre
  2785 | D:3      | Reached XP level 6. HP: 48/48 MP: 9/9
  2917 | D:3      | Noticed Jessica
  2920 | D:3      | Killed Jessica
  3072 | D:3      | Killed Terence
  3411 | D:3      | Reached skill level 1 in Slings
  3613 | D:4      | Reached XP level 7. HP: 55/55 MP: 10/10
  3738 | D:4      | Reached skill level 5 in Polearms
  4160 | D:5      | Entered Level 5 of the Dungeon
  4497 | D:5      | Reached skill level 5 in Fighting
  4497 | D:5      | Reached XP level 8. HP: 40/62 MP: 11/11
  4844 | D:5      | Noticed a wyvern
  4857 | D:5      | Killed a wyvern
  5332 | D:5      | Found a burning altar of Makhleb.
  5657 | D:5      | Found an ancient bone altar of Kikubaaqudgha.
  5674 | D:5      | Became a worshipper of Makhleb the Destroyer
  5682 | D:5      | Found a blossoming altar of Fedhas.
  5964 | D:6      | Noticed Menkaure
  5965 | D:6      | Noticed Edmund
  6115 | D:6      | Found Feza's Antique Weapon Shoppe.
  6125 | D:6      | Reached XP level 9. HP: 36/71 MP: 12/12
  6295 | D:6      | Bought a runed hunting sling for 130 gold pieces
  6431 | D:6      | Found a staircase to the Ecumenical Temple.
  6439 | D:6      | Killed Menkaure
  6439 | D:6      | Reached skill level 5 in Slings
  6443 | D:6      | Found Ussar's Jewellery Shop.
  6460 | D:6      | Killed Edmund
  7131 | D:6      | Found Migipp's Antique Armour Shop.
  7136 | D:6      | Bought a glowing cloak for 195 gold pieces
  7233 | D:6      | Found Kibbiom's General Store.
  7543 | D:7      | Reached * piety under Makhleb
  7993 | D:7      | Reached skill level 1 in Armour
  8120 | D:7      | Found a glowing silver altar of Zin.
  8124 | D:7      | Found an opulent altar of Gozag.
  8249 | D:7      | Noticed a deep elf mage
  8272 | D:7      | Killed a deep elf mage
  8272 | D:7      | Reached XP level 10. HP: 68/80 MP: 13/13
  8881 | D:8      | Found a white marble altar of Elyvilon.
  9275 | D:8      | Reached ** piety under Makhleb
  9350 | D:8      | Found a bloodstained altar of Trog.
  9350 | D:8      | Found an iron altar of Okawaru.
  9465 | D:8      | Found a shimmering altar of Xom.
  9858 | D:9      | Noticed a two-headed ogre
 10048 | D:9      | Reached skill level 1 in Invocations
 10275 | D:9      | Reached XP level 11. HP: 56/89 MP: 14/14
 10385 | D:9      | Killed a two-headed ogre
 10485 | D:9      | Found a hazy altar of Hepliaklqana.
 10715 | D:10     | Entered Level 10 of the Dungeon
 10778 | D:10     | Reached *** piety under Makhleb
 10942 | D:10     | Reached skill level 10 in Fighting
 11033 | D:10     | Reached skill level 10 in Polearms
 11167 | D:10     | Reached skill level 5 in Invocations
 11342 | D:10     | Noticed a two-headed ogre
 11402 | D:10     | Killed a two-headed ogre
 11567 | D:10     | Found a staircase to the Lair.
 11863 | D:10     | Found a staircase to the Orcish Mines.
 12073 | D:10     | Reached **** piety under Makhleb
 12455 | D:10     | Noticed a purple ugly thing
 12478 | D:10     | Killed a purple ugly thing
 12674 | Lair:1   | Entered Level 1 of the Lair of Beasts
 12684 | Lair:1   | Reached XP level 12. HP: 95/99 MP: 15/17
 12700 | Lair:1   | Got a crystal whip
 12768 | Lair:1   | Identified the cursed +2 whip of Chaos {protect, rN+} (You found it on level 1 of the Lair of Beasts)
 12844 | Lair:1   | Noticed a six-headed hydra
 12852 | Lair:1   | Killed a six-headed hydra
 13979 | Lair:2   | Noticed a seven-headed hydra
 13992 | Lair:2   | Killed a seven-headed hydra
 14104 | Lair:2   | Noticed Harold
 14133 | Lair:2   | Killed Harold
 14209 | Lair:2   | Found a staircase to the Snake Pit.
 14301 | Lair:2   | Got a faintly glowing leather armour
 14302 | Lair:2   | Identified the +1 leather armour "Juomeoda" {Str+5 Stlth+} (You found it on level 2 of the Lair of Beasts)
 14351 | Lair:2   | Noticed Urug
 14376 | Lair:2   | Killed Urug
 14802 | Lair:3   | Noticed a five-headed hydra
 14810 | Lair:3   | Killed a five-headed hydra
 14884 | Lair:3   | Found a staircase to the Shoals.
 14962 | Lair:3   | Reached ***** piety under Makhleb
 14965 | Lair:3   | Reached XP level 13. HP: 97/108 MP: 19/19
 15541 | Lair:4   | Noticed an eight-headed hydra
 15552 | Lair:4   | Killed an eight-headed hydra
 15683 | Lair:4   | Noticed Kirke
 15711 | Lair:4   | Killed Kirke
 15711 | Lair:4   | Reached skill level 10 in Invocations
 16800 | Lair:5   | Found a staircase to the Slime Pits.
 16858 | Lair:5   | Noticed Nessos
 16885 | Lair:5   | Killed Nessos
 17792 | Lair:6   | Entered Level 6 of the Lair of Beasts
 17834 | Lair:6   | Found a frozen archway.
 17846 | IceCv    | Entered an ice cave
 18035 | IceCv    | Reached XP level 14. HP: 89/118 MP: 22/22
 18503 | IceCv    | Reached ****** piety under Makhleb
 20423 | IceCv    | Noticed a frost giant
 20437 | IceCv    | Killed from afar by a frost giant

Vault maps used:
D:1:      dpeg_arrival_renting
D:2:      uniq_robin
D:3:      first_bread, uniq_terence, uniq_jessica
D:4:      kennysheep_the_goblin_king, uniq_blork_the_orc, uniq_natasha
D:5:      minitemple, fedhas_altar_1
D:6:      minmay_temple_entry_statues_fountains, serial_shops, shop,
          kennysheep_mini, shop, nicolae_shop_statue_plus, uniq_menkaure,
          uniq_edmund
D:7:      grunt_temple_overflow_gold_and_silver, guppyfry_early_elven_hall
D:8:      grunt_temple_overflow_bloody_war, kennysheep_little_box,
          nicolae_overflow_crystal_walls
D:9:      basic_altar
D:10:     grunt_lair_entry_orc_guard_hut, kennysheep_orc_monster_closet_entryway
Lair:2:   guppyfry_snake_entry_garden, eino_small_chamber_without_monster,
          uniq_urug, uniq_harold
Lair:3:   elwin_shoals_entry_rocks, infiniplex_staircase_pool_2,
          grunt_megastairs_2, lemuel_fruit_tree
Lair:4:   grunt_megastairs_1, uniq_kirke
Lair:5:   dpeg_slime_entry_corner, uniq_nessos
Lair:6:   wormcave, portal_ice_cave_entry_pillars_1
IceCv:    ice_cave_caverns_01

Skill      XL: |  1  2  3  4  5  6  7  8  9 10 11 12 13 |
---------------+----------------------------------------+-----
Dodging        | 1 2 3 |  3.1
Fighting       | 3 4 5 6 8 9 10 12 13 | 13.7
Polearms       | 4 5 6 8 9 10 11 13 | 13.6
Slings         | 1 2 4 6 |  6.0
Armour         | 2 4 |  4.6
Invocations    | 3 6 9 11 | 11.9
Throwing       | |  1.0
Spellcasting   | |  2.0
Poison Magic   | |  1.0
Evocations     | |  1.0

Action                   |  1- 3 |  4- 6 |  7- 9 | 10-12 | 13-15 || total
-------------------------+-------+-------+-------+-------+-------++-------
Melee: Spear             |    90 |   123 |   305 |   469 |   739 ||  1726
       Trident           |       |       |       |    16 |       ||    16
 Fire: Hunting sling     |       |    92 |   228 |   463 |   142 ||   925
Throw: Stone             |     7 |     1 |       |       |       ||     8
Invok: Minor Destruction |       |       |       |    30 |    74 ||   104
       Lesser Servant of |       |       |       |       |     1 ||     1
Evoke: Wand              |       |       |       |     4 |     5 ||     9
  Use: Scroll            |     1 |     1 |     2 |    30 |     2 ||    36
       Potion            |     1 |       |     2 |    11 |     7 ||    21
 Stab: Sleeping          |     2 |       |       |       |       ||     2
       Invisible         |       |       |       |       |     4 ||     4
       Distracted        |       |       |       |       |     1 ||     1
  Eat: Chunk             |       |     9 |     5 |    21 |    13 ||    48
       Bread ration      |       |       |     2 |     1 |       ||     3
       Royal jelly       |       |       |       |     1 |       ||     1
       Fruit             |       |       |       |       |     4 ||     4
Armor: Robe              |     1 |       |       |       |       ||     1
       Leather armour    |    14 |    29 |    48 |       |       ||    91
       Skin              |     8 |       |    10 |       |       ||    18
       Scale mail        |       |     3 |    70 |   264 |       ||   337
       Chain mail        |       |       |       |    37 |   436 ||   473
Dodge: Dodged            |    40 |    80 |   190 |   291 |   249 ||   850

Table legend:
 A = Spawn XP
 B = Non-spawn XP
 C = Spawn XP percentage of total XP
 D = Spawn monster count
 E = Non-spawn monster count
 F = Spawn count percentage of total count
 G = Total turns spent on level
                    A         B        C        D         E        F      G
               +---------+---------+-------+---------+---------+-------+---------
         Total |       0 |   55347 |   0.0 |       0 |     442 |   0.0 | 20437
               +---------+---------+-------+---------+---------+-------+---------
           D:1 |       0 |      54 |   0.0 |       0 |      25 |   0.0 |  1049
           D:2 |       0 |      99 |   0.0 |       0 |      36 |   0.0 |  1350
           D:3 |       0 |     315 |   0.0 |       0 |      29 |   0.0 |  1222
           D:4 |       0 |     206 |   0.0 |       0 |      16 |   0.0 |   612
           D:5 |       0 |    1013 |   0.0 |       0 |      21 |   0.0 |  1526
           D:6 |       0 |     846 |   0.0 |       0 |      26 |   0.0 |  1598
           D:7 |       0 |    1733 |   0.0 |       0 |      32 |   0.0 |  1385
           D:8 |       0 |    1742 |   0.0 |       0 |      31 |   0.0 |  1046
           D:9 |       0 |    3244 |   0.0 |       0 |      24 |   0.0 |  1091
          D:10 |       0 |    5794 |   0.0 |       0 |      54 |   0.0 |  1795
        Lair:1 |       0 |    5620 |   0.0 |       0 |      25 |   0.0 |  1192
        Lair:2 |       0 |    3712 |   0.0 |       0 |       8 |   0.0 |   734
        Lair:3 |       0 |    3679 |   0.0 |       0 |      15 |   0.0 |   898
        Lair:4 |       0 |    6899 |   0.0 |       0 |      18 |   0.0 |  1180
        Lair:5 |       0 |    8514 |   0.0 |       0 |      34 |   0.0 |  1114
        Lair:6 |       0 |     600 |   0.0 |       0 |       2 |   0.0 |    54
         IceCv |       0 |   11277 |   0.0 |       0 |      46 |   0.0 |  2591
               +---------+---------+-------+---------+---------+-------+---------
